 Dungeon Crawl Stone Soup version 0.28.0-49-g6dfe1f597d (webtiles) character file.

Game seed: 11479886352948043360

131 issech the Cudgeller (level 4, -1/44 HPs)
             Began as a Troll Monk on May 15, 2022.
             Killed by nerve-wracking pain
             ... invoked by Grinder
              (12 damage)
             ... on level 3 of the Dungeon.
             The game lasted 00:05:12 (1725 turns).

issech the Cudgeller (Troll Monk)                   Turns: 1725, Time: 00:05:12

Health: -1/44      AC:  4    Str: 19    XL:     4   Next: 91%
Magic:  3/3        EV: 11    Int:  6    God:
Gold:   113        SH:  0    Dex: 14    Spells: 3/3 levels left

rFire   x . .      SeeInvis .   o - +1 flail (drain)
rCold   + . .      Faith    .   (no shield)
rNeg    . . .      Spirit   .   b - +0 robe
rPois   .          Reflect  .   (helmet restricted)
rElec   .          Harm     .   (no cloak)
rCorr   +          Rampage  .   (gloves unavailable)
Will    .....                   (boots unavailable)
Stlth   ++........              (no amulet)
HPRegen 0.94/turn               m - ring of resist corrosion
MPRegen 0.08/turn               i - ring of ice

@: no status effects
A: large, unfitting armour, claws 3, regeneration 1, shaggy fur 1, tough skin 1
a: no special abilities


You were on level 3 of the Dungeon.
You visited 1 branch of the dungeon, and saw 3 of its levels.

You collected 113 gold pieces.

Inventory:

Hand Weapons
 a - a +0 mace
 k - a +4 whip
 o - a +1 flail of draining (weapon)
 q - a +0 hand axe of freezing
 r - a +0 morningstar
Missiles
 e - 70 stones (quivered)
 p - 2 boomerangs
 s - 32 bolts
Armour
 b - a +0 robe (worn)
 n - an orb of mayhem
Magical Staves
 c - a staff of cold
Jewellery
 i - a ring of ice (right claw)
 m - a ring of resist corrosion (left claw)
Scrolls
 d - a scroll of teleportation {unknown}
 f - 2 scrolls of identify {unknown}
 h - a scroll of blinking {unknown}
Potions
 g - 2 potions of brilliance {unknown}
 j - a potion of haste {unknown}
 l - a potion of mutation {unknown}


   Skills:
 + Level 2.7 Fighting
 + Level 4.1 Maces & Flails
 + Level 3.3 Dodging
 + Level 1.2 Stealth


You had 3 spell levels left.
You didn't know any spells.
Your spell library contained the following spells:

 Spells                   Type           Power      Damage    Failure   Level
 Animate Armour           Summ/Erth      0%         N/A       99%         4
 Blade Hands              Tmut           0%         N/A       100%        5
 Iron Shot                Conj/Erth      0%         9d1       100%        6


Dungeon Overview and Level Annotations

Branches:
Dungeon (3/15)

Altars:

Shops:
D:1 *

Annotations:
D:3 Grinder


Innate Abilities, Weirdness & Mutations

You are too large for most types of armour.
You have claws for hands.
Your natural rate of healing is unusually fast.
You are covered in fur. (AC +1)
You have tough skin. (AC +1)


Message History

There is a stone staircase leading down here.
A rat comes into view.
The helpless rat fails to defend itself.
You hit the rat.
You kill the rat!
Found a stone staircase leading down.
Found 32 bolts.
s - 32 bolts
There is a stone staircase leading down here.
A rat comes into view.
Found a scroll labelled SUSEMN AFYGIUX and a scroll labelled ZIZOFUPSOMAB.
You closely miss the rat. The rat barely misses you.
You barely miss the rat. The rat barely misses you.
The rat bites you but does no damage.
You closely miss the rat. The rat bites you but does no damage.
You barely miss the rat. The rat bites you but does no damage.
You barely miss the rat. The rat bites you but does no damage.
You hit the rat but do no damage. You drain the rat.
You kill the rat!
You see here a rat corpse.
Grinder comes into view.
Found a stone staircase leading up.
You hit Grinder.
Grinder is lightly wounded.
Grinder hits you.
You writhe in agony.
You hit Grinder.
Grinder is moderately wounded.
Grinder closely misses you. Grinder hits you!
You writhe in agony.
You barely miss Grinder.
Grinder is moderately wounded.
Grinder hits you.
You writhe in agony.
You closely miss Grinder.
Grinder is moderately wounded.
Grinder hits you!
* * * LOW HITPOINT WARNING * * *
You writhe in agony.
* * * LOW HITPOINT WARNING * * *
Grinder gestures at you. Pain shoots through your body!
You die...

#.......##..........#
##.#######...######.# #.
#.# #...# .....< #[##
#...# ######.##
##..######...####.......##
........##........##......
#†###.#..............#..##
..)................?......
#.###.#.........@.5?.#
#.#$#.#..#.....†..##.#
#.###.#..#...####.......#
........##...# ####.....
#.###.#.##...# ##.##
........##...# #
##########...# #...# ##.##


You could see Grinder.

Vanquished Creatures
  2 orc priests (D:3)
  An adder (D:2)
  A dart slug (D:1)
  4 orcs
  6 ball pythons
  3 endoplasms
  3 giant cockroaches
  4 goblins
  4 hobgoblins
  4 jackals (D:3)
  4 quokkas
  4 bats
  9 kobolds
  5 rats
54 creatures vanquished.

Notes
Turn   | Place    | Note
-------+----------+-------------------------------------------
     0 | D:1      | issech the Troll Monk began the quest for the Orb.
     0 | D:1      | Reached XP level 1. HP: 22/22 MP: 0/0
   187 | D:1      | Found Oxtei's General Store.
   280 | D:1      | Reached XP level 2. HP: 29/29 MP: 1/1
   337 | D:1      | Reached skill level 3 in Maces & Flails
   608 | D:1      | Reached XP level 3. HP: 36/36 MP: 2/2
  1368 | D:3      | Found a faded altar of an unknown god.
  1393 | D:3      | Reached XP level 4. HP: 21/44 MP: 3/3
  1439 | D:3      | Reached skill level 4 in Maces & Flails
  1716 | D:3      | Noticed Grinder
  1725 | D:3      | Killed from afar by Grinder

Illustrated notes

Levels and vault maps discovered:
D:1:      dpeg_arrival_oval, layout_basic, serial_shops, shop
D:2:      layout_loops_ring
D:3:      layout_loops_cross, hellmonk_ecumenical_altar_crossroads,
          minmay_surrounded, uniq_grinder, uniq_terence

Skill      XL: |  1  2  3  4 |
---------------+-------------+-----
Maces & Flails | 3 4 |  4.1
Dodging        | 3 |  3.3
Fighting       | |  2.7
Stealth        | |  1.2

Action                   |  1- 3 |  4- 6 || total
-------------------------+-------+-------++-------
Melee: Mace              |    96 |       ||    96
       Whip              |    23 |     2 ||    25
       Flail             |       |    35 ||    35
       Punch             |       |     1 ||     1
Throw: Stone             |     4 |     2 ||     6
 Stab: Sleeping          |     2 |     1 ||     3
Armor: Robe              |    42 |    10 ||    52
Dodge: Dodged            |    80 |    19 ||    99
